 Dungeon Crawl Stone Soup version 0.30-a0-852-g08b95dd62f (webtiles) character file.

Game seed: 13149876543217332664

2 Firecrotchwizard the Ruffian (level 1, 0/19 HPs)
             Began as a Ghoul Monk on Mar 5, 2023.
             Slain by a gnoll
             ... wielding a +0 flail
              (5 damage)
             ... on level 1 of the Dungeon.
             The game lasted 00:00:22 (118 turns).

Firecrotchwizard the Ruffian (Ghoul Monk)            Turns: 118, Time: 00:00:22

Health: 0/19       AC:  2    Str: 14    XL:     1   Next: 40%
Magic:  0/0        EV: 12    Int:  5    God:
Gold:   41         SH:  0    Dex: 11    Spells: 0/0 levels left

rFire   . . .      SeeInvis .      - Unarmed
rCold   + . .      Faith    .    (no shield)
rNeg    + + +      Spirit   .    a - +0 robe
rPois   ∞          Reflect  .    (no helmet)
rElec   .          Rampage  .    (no cloak)
rCorr   .                        (no gloves)
Will    .....                    (no boots)
Stlth   ++                       (no amulet)
HPRegen 0.00/turn                (no ring)
MPRegen 0.07/turn                (no ring)

@: inhibited regen
A: claws 1, cold resistance 1, negative energy resistance 3, inhibited
regeneration, torment resistance 2, devour on kill
a: no special abilities


You were on level 1 of the Dungeon.
You visited 1 branch of the dungeon, and saw 1 of its levels.

You collected 41 gold pieces.

Inventory:

Armour
 a - a +0 robe (worn)
Scrolls
 b - a scroll of silence {unknown}
Potions
 G - a potion of ambrosia {!q}


   Skills:
 + Level 3.3 Fighting
 + Level 2.7 Dodging
 - Level 2.1 Stealth
 * Level 3.4 Unarmed Combat


You couldn't memorise any spells.
You didn't know any spells.
Your spell library was empty.

Dungeon Overview and Level Annotations

Branches:
Dungeon (1/15)

Altars:


Innate Abilities, Weirdness & Mutations

You are immune to poison.
You have sharp fingernails.
Your flesh is cold resistant. (rC+)
You are immune to negative energy. (rN+++)
You do not regenerate when monsters are visible.
You are immune to unholy pain and torment.
You thrive by killing the living.


Message History

Bad channel name for runrest: 'Jiyva says: Divide and consume' Welcome, Firecrotchwizard the Ghoul Monk.
The heart of this dungeon contains the sublime artefact, the Orb of Zot.
Found a staircase leading out of the dungeon.
b - a scroll labelled LYXONK YBASYCS You now have 2 gold pieces.
A bat comes into view.
You see here 17 gold pieces.
A bat is nearby!
A bat comes into view.
The bat hits you.
You take 1 damage, and have 18/19 hp.
You miss the bat. The bat hits you.
You take 1 damage, and have 17/19 hp.
The helpless bat fails to defend itself.
You scratch the bat. The bat closely misses you.
The bat hits you but does no damage. The bat hits you.
You take 1 damage, and have 16/19 hp.
You scratch the bat. Your claw misses the bat. The bat closely misses you.
The bat hits you but does no damage.
You scratch the bat.
You kill the bat!
The bat closely misses you.
You barely miss the bat. The bat barely misses you. The bat misses you.
You miss the bat. The bat hits you.
You take 1 damage, and have 15/19 hp.
You scratch the bat.
You kill the bat!
You feel better.
You regained 2 hp, and now have 17/19 hp.
You see here a bat corpse.
You now have 19 gold pieces (gained 17).
You now have 35 gold pieces (gained 16).
You now have 41 gold pieces (gained 6).
A frilled lizard comes into view.
Health restored: 19 A frilled lizard is nearby!
The frilled lizard hisses angrily.
A gnoll comes into view. It is wielding a +0 flail.
The gnoll shouts!
You barely miss the frilled lizard.
The frilled lizard completely misses you.
You claw the frilled lizard!
You kill the frilled lizard!
You barely miss the gnoll. The gnoll closely misses you.
You scratch the gnoll. The gnoll closely misses you.
You barely miss the gnoll. The gnoll closely misses you.
You scratch the gnoll but do no damage. The gnoll closely misses you.
You barely miss the gnoll. The gnoll hits you with a +0 flail!
Ouch! That really hurt!
You take 10 damage, and have 9/19 hp.
MASSIVE DAMAGE!!
You scratch the gnoll. You barely miss the gnoll. The gnoll barely misses you.
You barely miss the gnoll. The gnoll hits you with a +0 flail.
* * * LOW HITPOINT WARNING * * *
You take 4 damage, and have 5/19 hp.
MASSIVE DAMAGE!!
You barely miss the gnoll. The gnoll hits you with a +0 flail.
You die...

#.....###........
#......#.....###.
#............###.
##..##.....##..#..
#..###.....###...#
#..##.#...#.##.#..
#.#########...###...###..#.#
........g....#.....#.....#
###########@.............#.#
#...........#######....###..
...########### #.........
#..#.#.#†. #.........
#..#.#.#.. #.........
...#.#.#.. ###........


You could see a gnoll.

Vanquished Creatures
  2 bats (D:1)
  A frilled lizard (D:1)
3 creatures vanquished.

Notes
Turn   | Place    | Note
-------+----------+-------------------------------------------
     0 | D:1      | Firecrotchwizard the Ghoul Monk began the quest for the
                  | Orb.
     0 | D:1      | Reached XP level 1. HP: 19/19 MP: 0/0
   118 | D:1      | Slain by a gnoll

Illustrated notes

Levels and vault maps discovered:
D:1:      erik_arrival_blinker_ship, layout_loops_ring, serial_co_window_serial,
          co_window_cross_1, co_window_corner_a, co_window_of_opportunity_a,
          co_window_corner_a, co_window_corner_a, co_window_paths_b,
          co_window_paths_b, co_window_corner_ca, co_window_2corner,
          co_window_corner_ca, glass_columns_a, glass_columns_b,
          minmay_tromino_i4

Action                     || total
---------------------------++-------
  Melee: Unarmed           ||    18
   Stab: Sleeping          ||     1
 Armour: Robe              ||     2
  Dodge: Dodged            ||    11

Table legend: (Time is in decaauts)
 A = Elapsed time spent in this place.
 B = Non-inter-level travel time spent in this place.
 C = Inter-level travel time spent in this place.
 D = Time resting spent in this place.
 E = Time spent auto-exploring this place.
 F = Levels seen in this place.
 G = Mean time per level.
                   A        B        C        D        E       F      G
               +--------+--------+--------+--------+--------+-----+--------+
         Total |    116 |    116 |      0 |      0 |     82 |   1 |  116.0 |
       Dungeon |    116 |    116 |      0 |      0 |     82 |   1 |  116.0 |
               +--------+--------+--------+--------+--------+-----+--------+

Top non-repeatable levels by time:
     D:1: 116 daAuts

Table legend:
 A = Kills in this place as a percentage of kills in the entire game.
 B = Kills by you in this place as a percentage of kills by you in the entire game.
 C = Kills by friends in this place as a percentage of kills by friends in the entire game.
 D = Other kills in this place as a percentage of other kills in the entire game.
 E = Experience gained in this place as a percentage of experience gained in the entire game.
 F = Experience gained in this place divided by the number of levels of this place that you have seen.
                   A       B       C       D       E      F
               +-------+-------+-------+-------+-------+----------------------
         Total | 100.0 | 100.0 |   N/A |   N/A | 100.0 |   4.0
       Dungeon | 100.0 | 100.0 |   N/A |   N/A | 100.0 |   4.0
               +-------+-------+-------+-------+-------+----------------------
